 Dungeon Crawl Stone Soup version 0.18.1-8-gdd0e5ea (webtiles) character file.

1051 DAD the Ruffian (level 8, -8/71 HPs)
             Began as a Troll Monk on June 11, 2016.
             Mangled by Prince Ribbit (14 damage)
             ... on level 5 of the Dungeon.
             The game lasted 00:18:18 (2155 turns).

DAD the Ruffian (Troll Monk)                        Turns: 2155, Time: 00:18:19

Health: -8/71      AC:  6    Str: 20      XL:     8   Next: 5%
Magic:  7/7        EV: 11    Int:  4 (6)  God:
Gold:   234        SH:  0    Dex: 13 (14) Spells: 0 memorised, 7 levels left

rFire  + . .     SeeInvis .       - Unarmed
rCold  + . .     Gourm    +     c - +1 robe {rC+ rF+}
rNeg   . . .     Faith    .     (no shield)
rPois  .         Spirit   .     e - +1 hat
rElec  .         Dismiss  .     (no cloak)
rCorr  .         Reflect  .     (gloves unavailable)
SustAt .         Harm     .     (boots unavailable)
MR     .....                    o - amulet of rage
Stlth  +.........               (no ring)
                                (no ring)

@: flying, heavily drained, not resistant to hostile enchantments, very
unstealthy
A: unfitting armour, claws 3, deformed body, fast metabolism 3, frail 1,
gourmand, regeneration 2, shaggy fur 1, tough skin 2, wild magic 1
a: Evoke Berserk Rage


You were on level 5 of the Dungeon.
You were very full.

You visited 1 branch of the dungeon, and saw 5 of its levels.

You collected 234 gold pieces.

Inventory:

Hand Weapons
 k - a +0 shortbow
 q - a +0 hunting sling
 w - a +0 rapier
 y - a +1 battleaxe
Missiles
 g - 48 arrows
 r - 64 stones (quivered)
Armour
 a - a +0 robe
 c - a +1 robe of resistance (worn)
 e - a +1 hat (worn)
Jewellery
 o - an amulet of rage (around neck)
Wands
 v - a wand of slowing (19/48)
Scrolls
 d - 2 scrolls of identify
 h - 2 scrolls of fear {unknown}
 i - 2 scrolls of blinking {unknown}
 n - 3 scrolls of recharging
 s - a scroll of amnesia {unknown}
 t - a scroll of random uselessness {unknown}
 u - 3 scrolls of remove curse {unknown}
Potions
 m - a potion of degeneration
 A - a potion of brilliance
Comestibles
 b - 4 bread rations
 z - 3 fruits


   Skills:
 + Level 4.6(3.4) Fighting
 + Level 5.4(4.2) Dodging
 + Level 2.0(0.9) Stealth
 + Level 6.2(5.0) Unarmed Combat


You had 7 spell levels left.
You didn't know any spells.

Dungeon Overview and Level Annotations

Branches:
Dungeon (5/15)             Temple (0/1) D:5

Altars:
Qazlal

Annotations:
D:5 Dowan, Prince Ribbit


Innate Abilities, Weirdness & Mutations

You are too large for most types of armour.
You have claws for hands.
Your metabolism is lightning-fast.
You like to eat raw meat.
You heal very quickly.
You are covered in fur (AC +1).
You have very tough skin (AC +2).
Armour fits poorly on your strangely shaped body.
You are frail (-10% HP).
Your spells are a little harder to cast, but a little more powerful.


Message History

* * * LOW HITPOINT WARNING * * *
Prince Ribbit misses you. Dowan barely misses you.
Dowan hits you with a dagger.
* * * LOW HITPOINT WARNING * * *
Prince Ribbit blinks!
You feel very buoyant.
You fly up into the air.
Dowan hits you but does no damage.
Dowan breathes, "And she was my only..."
Dowan hits you with a dagger.
* * * LOW HITPOINT WARNING * * *
Dowan gestures wildly while chanting.
Dowan blinks!
Prince Ribbit blinks!
As you read the scroll labeled NIQUOS YXKAINO, it crumbles to dust.
You feel aware of your surroundings.
It was a scroll of magic mapping.
Prince Ribbit barely misses you. x2
As you read the scroll labeled YNAVABRUEVER, it crumbles to dust.
You hear a loud clanging noise!
It was a scroll of noise.
Prince Ribbit hits you!
You die...

......'...........#
#######..######..##
##.####..##..##..##
.........#...#....#
.........'...#....#
........>#...#....#
.........#...#....#
.........#...#..Fe#
##.#####'#######@.#
##+###...##########
...........#....#
...........#....#
...........'....##
######+######....#
**,,**,,,####.####
*,,,,,,,,#.....#
+,,,,,,,,+.....#


You could see Prince Ribbit and Dowan.

Vanquished Creatures
  Grinder (D:4)
  Eustachio (D:4)
  Duvessa (D:5)
  A sky beast (D:5)
  The ghost of Gadfly the Ducker, an amateur TrBe of Trog (D:3)
  A centaur (D:5)
  A howler monkey (D:4)
  2 orc priests (D:3)
  2 orc wizards (D:4)
  2 hound skeletons (D:4)
  11 adders
  A shadow imp (D:3)
  A worm (D:4)
  3 dart slugs
  4 giant geckos
  9 orcs
  3 bats
  5 giant cockroaches
  3 goblins
  3 hobgoblins
  3 jackals (D:1)
  4 kobolds
  4 quokkas
  2 ball pythons
  4 giant newts
  A quokka skeleton (D:4)
  5 rats
79 creatures vanquished.

Notes
Turn   | Place    | Note
--------------------------------------------------------------
     0 | D:1      | DAD the Troll Monk began the quest for the Orb.
     0 | D:1      | Reached XP level 1. HP: 22/22 MP: 0/0
   153 | D:1      | Reached XP level 2. HP: 20/29 MP: 1/1
   477 | D:2      | Reached XP level 3. HP: 36/36 MP: 2/2
   631 | D:2      | Reached XP level 4. HP: 44/44 MP: 3/3
   747 | D:3      | Found a stormy altar of Qazlal.
   864 | D:3      | Reached XP level 5. HP: 50/53 MP: 4/4
   943 | D:3      | Noticed Gadfly's ghost (amateur TrBe)
   995 | D:3      | Killed Gadfly's ghost
   995 | D:3      | Reached skill level 5 in Unarmed Combat
  1261 | D:3      | Reached XP level 6. HP: 54/61 MP: 5/5
  1411 | D:4      | Noticed Grinder
  1427 | D:4      | Killed Grinder
  1477 | D:4      | Reached XP level 7. HP: 68/68 MP: 6/6
  1547 | D:4      | Noticed Eustachio
  1652 | D:4      | Killed Eustachio
  1807 | D:4      | Reached skill level 6 in Unarmed Combat
  1865 | D:5      | Entered Level 5 of the Dungeon
  1876 | D:5      | Gained mutation: Armour fits poorly on your strangely shaped body. [potion of mutation]
  1876 | D:5      | Gained mutation: Your spells are a little harder to cast, but a little more powerful. [potion of mutation]
  1876 | D:5      | Gained mutation: You are frail (-10% HP). [potion of mutation]
  1975 | D:5      | Reached skill level 5 in Dodging
  2108 | D:5      | Noticed Duvessa
  2108 | D:5      | Noticed Dowan
  2113 | D:5      | Noticed Prince Ribbit
  2126 | D:5      | Killed Duvessa
  2126 | D:5      | Reached XP level 8. HP: 45/71 MP: 7/7
  2148 | D:5      | HP: 2/71 [Dowan/dagger (5)]
  2155 | D:5      | Mangled by Prince Ribbit

Skill      XL: |  1  2  3  4  5  6  7 |
---------------+----------------------+-----
Dodging        | 3 4 5 |  5.4
Fighting       | 3 4 |  4.6
Unarmed Combat | 5 6 |  6.2
Stealth        | 2 |  2.0

Action                   |  1- 3 |  4- 6 |  7- 9 || total
-------------------------+-------+-------+-------++-------
Melee: Unarmed           |    66 |    96 |   131 ||   293
       Punch             |       |     1 |     2 ||     3
  Use: Potion            |       |     1 |     5 ||     6
       Scroll            |       |       |     4 ||     4
 Stab: Sleeping          |     1 |     1 |       ||     2
  Eat: Chunk             |     6 |    11 |     7 ||    24
Armor: Robe              |    25 |    31 |    48 ||   104
Dodge: Dodged            |    38 |    48 |    98 ||   184
